 Dungeon Crawl Stone Soup version 0.22-a0-422-g9628fc8 (webtiles) character file.

6 Borgoz the Skirmisher (level 1, 0/14 HPs)
             Began as a Gargoyle Abyssal Knight on May 16, 2018.
             Was an Initiate of Lugonu.
             Slain by a gnoll
             ... wielding a +0 club
              (2 damage)
             ... on level 1 of the Dungeon.
             The game lasted 00:00:28 (328 turns).

Borgoz the Skirmisher (Gargoyle Abyssal Knight)      Turns: 328, Time: 00:00:28

Health: 0/14       AC:  5    Str: 15    XL:     1   Next: 90%
Magic:  2/2        EV: 11    Int: 12    God:    Lugonu [......]
Gold:   0          SH:  0    Dex:  9    Spells: 0/0 levels left

rFire    . . .     SeeInvis .   a - +1 hand axe
rCold    . . .     Gourm    .   (no shield)
rNeg     + . .     Faith    .   b - +0 leather armour
rPois    ∞         Spirit   .   (no helmet)
rElec    +         Reflect  .   (no cloak)
rCorr    .         Harm     .   (no gloves)
MR       .....                  (no boots)
Stlth    +.........             (no amulet)
HPRegen  0.04/turn              (no ring)
MPRegen  0.08/turn              (no ring)

@: no status effects
A: negative energy resistance 1, electricity resistance, unbreathing,
petrification resistance, rot immunity, AC +2
a: Renounce Religion


You were on level 1 of the Dungeon.
You worshipped Lugonu.
Lugonu was noncommittal.
You were not hungry.

You visited 1 branch of the dungeon, and saw 1 of its levels.
You visited the Abyss 1 time.

Inventory:

Hand Weapons
 a - a +1 hand axe (weapon)
Armour
 b - a +0 leather armour (worn)
Potions
 d - a potion of curing {unknown}
Comestibles
 c - a ration


   Skills:
 + Level 3.3 Fighting
 * Level 1.9 Axes
 + Level 2.2 Armour
 * Level 1.1 Dodging
 + Level 2.0 Invocations


You couldn't memorise any spells.
You didn't know any spells.
Your spell library was empty.

Dungeon Overview and Level Annotations

Branches:
Dungeon (1/15)

Altars:


Innate Abilities, Weirdness & Mutations

You are resistant to torment.
Your stone body is resilient. (AC +2)
You are immune to poison.
You resist negative energy. (rN+)
You are resistant to electric shocks. (rElec)
You can survive without breathing.
You are immune to petrification.
You are immune to rotting.


Message History

The gnoll shouts!
A gnoll is nearby!
A gnoll is nearby!
The gnoll hits you with a club.
You are too injured to fight recklessly!
You are too injured to fight recklessly!
You are too injured to fight recklessly!
You are too injured to fight recklessly!
You are too injured to fight recklessly!
You barely miss the gnoll. The gnoll misses you.
You barely miss the gnoll. The gnoll hits you with a club.
You barely miss the gnoll. The gnoll hits you with a club.
* * * LOW HITPOINT WARNING * * *
You slash the gnoll!
The gnoll is heavily wounded.
The gnoll hits you but does no damage.
You hit the gnoll.
The gnoll is severely wounded.
The gnoll hits you with a club.
You die...

########
......#
###.....#
.......#
#.....#
#..g..#
#.#@# #.#.#
#######.#.#
..........#
######.###
.####...##
.........#
#.####.##.#
#.# #.##.#


You could see a gnoll.

Vanquished Creatures
  2 giant cockroaches (D:1)
  A hobgoblin (D:1)
  A kobold (D:1)
  A rat (D:1)
5 creatures vanquished.

Notes
Turn   | Place    | Note
-------+----------+-------------------------------------------
     0 | Abyss:1  | Borgoz the Gargoyle Abyssal Knight began the quest for the Orb.
     0 | Abyss:1  | Reached XP level 1. HP: 14/14 MP: 2/2
    63 | Abyss:1  | Noticed a small abomination
    70 | Abyss:1  | Noticed a raiju
    73 | D:1      | Escaped the Abyss
   102 | D:1      | Reached skill level 1 in Dodging
   328 | D:1      | Slain by a gnoll

Vault maps used:
D:1:      lightli_iron_boxes

Skill      XL: |  1 |
---------------+----+-----
Dodging        | 1 |  1.1
Fighting       | |  3.3
Axes           | |  1.9
Armour         | |  2.2
Invocations    | |  2.0

Action                   || total
-------------------------++-------
Melee: Hand axe          ||    23
Invok: Depart the Abyss  ||     1
Armor: Leather armour    ||     7
Dodge: Dodged            ||    15

Table legend:
 A = Spawn XP
 B = Non-spawn XP
 C = Spawn XP percentage of total XP
 D = Spawn monster count
 E = Non-spawn monster count
 F = Spawn count percentage of total count
 G = Total turns spent on level
                    A         B        C        D         E        F      G
               +---------+---------+-------+---------+---------+-------+---------
         Total |       0 |       9 |   0.0 |       0 |       5 |   0.0 |   328
               +---------+---------+-------+---------+---------+-------+---------
           D:1 |       0 |       9 |   0.0 |       0 |       5 |   0.0 |   255
               +---------+---------+-------+---------+---------+-------+---------
